 Dungeon Crawl Stone Soup version 0.23.0 (webtiles) character file.

Game seed: 12997409352739390627

148245 Infinimo the Minotaur Blade (level 16, -1/160 HPs)
             Began as a Minotaur Berserker on Feb 11, 2019.
             Was the Champion of Trog.
             Slain by a four-headed hydra (3 damage)
             ... on level 4 of the Swamp on Feb 12, 2019.
             The game lasted 00:50:47 (33829 turns).

Infinimo the Minotaur Blade (Minotaur Berserker)   Turns: 33829, Time: 00:50:48

Health: -1/160     AC: 25    Str: 29    XL:     16   Next: 93%
Magic:  15/15      EV:  9    Int:  3    God:    Trog [******]
Gold:   2385       SH: 14    Dex: 15    Spells: 15/15 levels left

rFire    + + .     SeeInvis +   F - +1 double sword (freeze)
rCold    . . .     Gourm    .   N - +2 shield {rF+}
rNeg     . . .     Faith    .   V - +4 chain mail of the Orb {rPois}
rPois    +         Spirit   .   f - +2 hat
rElec    +         Reflect  .   O - +0 cloak "Itomei" {rElec rF+ Dex+2}
rCorr    .         Harm     .   U - +0 pair of gloves {Str+3}
MR       +++..     Rnd*Rage +   a - +0 pair of boots (curse)
Stlth    ..........             Z - necklace of Bloodlust {*Rage +Rage MR++ Int-3 Slay+6 *Curse} (curse)
HPRegen  0.36/turn              M - ring "Xaived" {*Contam rElec Dex+2 SInv Stlth+}
MPRegen  0.14/turn              w - +4 ring of slaying

@: berserk cooldown, slowed, studying 2 skills, very slow
A: retaliatory headbutt, horns 2
a: Berserk, Trog's Hand, Brothers in Arms, Renounce Religion, Evoke Berserk Rage


You were on level 4 of the Swamp.
You worshipped Trog.
Trog was exalted by your worship.
You were near starving.

You visited 4 branches of the dungeon, and saw 27 of its levels.
You also visited: Sewer and Ice Cave.

You collected 3004 gold pieces.
You spent 619 gold pieces at shops.

Inventory:

Hand Weapons
 F - a +1 double sword of freezing (weapon)
 T - a +1 double sword of electrocution
 X - a +0 scimitar of flaming
Armour
 a - a cursed +0 pair of boots (worn)
 f - a +2 hat (worn)
 j - a +2 large shield of protection
 G - a +1 plate armour of fire resistance
 N - a +2 shield of fire resistance (worn)
 O - the +0 cloak "Itomei" (worn) {rElec rF+ Dex+2}
   (You found it on level 1 of the Lair of Beasts)

   It affects your dexterity (+2).
   It protects you from fire.
   It insulates you from electricity.
 U - a +0 pair of gloves of strength (worn)
 V - the +4 chain mail of the Orb (worn) {rPois}
   (You bought it in a shop on level 2 of the Orcish Mines)

   It protects you from poison.
Jewellery
 r - an uncursed ring of resist corrosion
 w - a +4 ring of slaying (right hand)
 K - an uncursed ring of protection from cold
 M - the ring "Xaived" (left hand) {*Contam rElec Dex+2 SInv Stlth+}
   (You found it on level 9 of the Dungeon)

   [ring of see invisible]

   It affects your dexterity (+2).
   It insulates you from electricity.
   It lets you see invisible.
   It causes magical contamination when unequipped.
   It makes you more stealthy.
 Y - an uncursed ring of protection from fire
 Z - the cursed necklace of Bloodlust (around neck) {*Rage +Rage MR++ Int-3 Slay+6 *Curse}
   (You took it off a spriggan druid on level 2 of the Swamp)

   [amulet of rage]

   It affects your intelligence (-3).
   It affects your accuracy and damage with ranged weapons and melee attacks
   (+6).
   It affects your resistance to hostile enchantments.
   It lets you go berserk.
   It may make you go berserk in combat.
   It curses itself when equipped.
   It has a curse placed upon it.
Wands
 d - a wand of iceblast (6)
 B - a wand of digging (17)
 Q - a wand of disintegration (8)
Scrolls
 b - a scroll of torment {unknown}
 g - 15 scrolls of remove curse
 n - 3 scrolls of blinking
 o - 7 scrolls of teleportation
 u - 5 scrolls of fear
 y - 2 scrolls of fog
 A - 3 scrolls of identify
 E - 5 scrolls of magic mapping
 H - a scroll of silence
 R - a scroll of enchant weapon
 W - a scroll of enchant armour
Potions
 e - 2 potions of cancellation
 h - 4 potions of agility
 i - 3 potions of magic
 k - 21 potions of curing
 l - 5 potions of mutation
 m - 3 potions of flight
 p - 4 potions of brilliance
 t - a potion of resistance
 v - 5 potions of invisibility
 x - 5 potions of might
 z - 2 potions of heal wounds
 D - 5 potions of haste
 J - a potion of lignification
 P - 2 potions of ambrosia
Books
 I - a manual of Ice Magic Trog disapproves of the use of such an item.
 S - a manual of Fighting
Comestibles
 c - 46 rations


   Skills:
 + Level 19.2 Fighting
 * Level 23.0 Long Blades
 + Level 17.3 Armour
 - Level 2.1 Dodging
 * Level 8.8 Shields


You had 15 spell levels left.
You didn't know any spells.
Your spell library contained the following spells:

 Spells                   Type           Power        Failure   Level  Hunger
 Confusing Touch          Hex            #.....       99%         1    ##.....
 Confuse                  Hex            #.......     100%        3    ####...
 Gell's Gravitas          Tloc           #.........   100%        3    ####...
 Petrify                  Tmut/Erth      #.......     100%        4    #####..
 Metabolic Englaciation   Hex/Ice        #.........   100%        5    ######.
 Yara's Violent Unravell  Hex/Tmut       #.........   100%        5    ######.


Dungeon Overview and Level Annotations

Branches:
Dungeon (15/15)            Temple (0/1) D:4            Lair (6/6) D:8
  Swamp (4/4) Lair:3       Spider (0/4) Lair:3        Slime (0/5) Lair:6
    Orc (2/2) D:10            Elf (0/3) Orc:2        Vaults (0/5) D:14
 Depths (0/5) D:15

Altars:
Ashenzari
Cheibriados
Elyvilon
Makhleb
Ru
Sif Muna
Trog
Uskayaw
Vehumet
Wu Jian
Zin
The Shining One
Beogh
Jiyva

Shops:
D:10 (   D:11 *[   D:12 =   Orc:2 (:[*


Innate Abilities, Weirdness & Mutations

You reflexively headbutt those who attack you in melee.
You have a pair of horns on your head.


Message History

You block the alligator's attack. You furiously retaliate!
You headbutt the alligator!
You riposte.
You freeze the alligator.
The alligator is heavily wounded.
You see here a scroll of amnesia.
A swamp drake comes into view.
The swamp drake roars!
The bog body gestures at you while chanting.
The bolt of cold hits you!!
* * * LOW HITPOINT WARNING * * *
A seven-headed hydra comes into view.
You furiously retaliate!
You headbutt the four-headed hydra!
You riposte.
The seven-headed hydra roars!
The four-headed hydra seems to slow down.
You freeze the four-headed hydra!
The four-headed hydra is severely wounded.
You block the four-headed hydra's attack. x2
The four-headed hydra bites you!
* * * LOW HITPOINT WARNING * * *
The four-headed hydra bites you.
You die...

♣♣♣♣§≈.≈≈≈..≈≈≈≈ ♣♣♣♣♣ .≈
fw.♣ .≈≈≈≈≈≈≈≈§f.♣.§≈♣♣.≈.
≈DF♣♣♣..≈≈≈≈≈≈≈≈.♣.≈≈..≈≈≈
≈lw.♣≈≈.≈≈≈≈≈≈.≈§≈.....≈≈≈
≈≈..♣.D).≈......♣♣f♣♣♣♣≈≈≈
♣♣♣♣♣DDD♣♣♣♣.≈♣ ♣≈≈.♣
♣†D≈≈.♣♣♣.≈♣ ♣≈..♣
♣.†≈Dn...♣≈♣♣♣D.♣♣
♣♣.≈≈≈≈≈≈....@Dt♣
♣♣.≈≈§.≈........♣
♣≈≈♣♣≈.....≈≈○.♣
♣≈≈≈≈♣≈...≈≈≈≈≈n♣
♣≈≈≈≈≈≈♣.≈..≈≈≈≈≈.≈
♣≈≈≈≈≈≈≈♣≈≈≈≈≈%§♣♣#§
§♣≈≈≈≈≈♣§≈♣.k≈♣♣#
..≈≈≈≈D......#♣ ....≈≈♣..§


You could see a shambling mangrove, an alligator, a seven-headed hydra, 2
four-headed hydras, a bog body and a swamp drake.

Vanquished Creatures
  A tentacled monstrosity (Swamp:1)
  Rupert (Lair:3)
  2 thorn hunters
  2 orc warlords (Orc:2)
  A stone giant (D:14)
  The ghost of Cykl0x the Severer, a journeyman FoFi of Okawaru (D:14)
  The ghost of Finguili the Fencer, a journeyman TeEn of Okawaru (Orc:1)
  Josephine (D:12)
  Fannar (D:10)
  A rakshasa (D:14)
  7 vault guards (D:14)
  16 hydras
  2 shambling mangroves
  4 catoblepae
  A death knight (D:15)
  5 two-headed ogres
  Erica (D:9)
  2 ghost crabs (Swamp:2)
  4 centaur warriors
  3 alligators
  2 tengu warriors
  5 death yaks (Lair:6)
  An ogre mage (D:7)
  4 orc high priests (Orc:2)
  Urug (Lair:3)
  Sonja (Lair:2)
  4 swamp dragons
  3 unseen horrors
  A golden dragon skeleton (D:15)
  2 skeletal warriors (D:15)
  Pikel (D:8)
  3 spriggan druids
  A flayed ghost (D:15)
  The ghost of Naru the Spear-Bearer, a novice HOMo of Beogh (D:7)
  2 lindwurms (Lair:6)
  2 necromancers
  5 orc knights
  3 oklob plants (Lair:3)
  A wolf spider (D:14)
  A deep elf mage (D:15)
  7 ugly things
  A frost giant zombie (D:15)
  5 orc sorcerers (Orc:2)
  4 cyclopes
  3 manticores
  6 black mambas
  2 torpor snails
  An ice statue (IceCv)
  A yaktaur zombie (D:15)
  17 spiny frogs
  2 kobold demonologists
  9 komodo dragons
  2 rime drakes (Lair:6)
  An efreet (D:10)
  10 freezing wraiths (IceCv)
  A tengu conjurer (D:15)
  Prince Ribbit (D:7)
  10 polar bears
  10 tyrant leeches
  8 hornets
  12 trolls
  9 bog bodies
  18 blink frogs
  A raiju (Lair:6)
  An ice dragon zombie (D:15)
  13 slime creatures
  3 dream sheep
  13 hippogriffs
  4 spriggans
  Sigmund (D:4)
  3 shadows
  5 wyverns
  A vampire (D:12)
  7 wraiths
  38 yaks
  7 basilisks
  2 death yak simulacra (IceCv)
  15 vampire mosquitoes
  2 hungry ghosts
  12 insubstantial wisps (Swamp:3)
  3 acid dragons
  15 wargs
  14 swamp worms
  14 hell hounds (Lair:6)
  A soldier ant (D:12)
  6 water moccasins
  13 porcupines
  31 orc warriors
  6 swamp drakes
  9 ice beasts
  An eye of draining (D:13)
  4 sky beasts
  An alligator simulacrum (IceCv)
  5 phantoms
  12 black bears
  2 necrophages
  16 ogres
  22 wolves
  14 crocodiles
  19 centaurs
  4 big kobolds
  2 gnoll sergeants (Orc:2)
  14 bullfrogs
  7 scorpions
  16 killer bees
  4 wights (D:15)
  3 howler monkeys (D:8)
  A bullfrog zombie (D:7)
  2 draconian simulacra (IceCv)
  10 crimson imps
  2 quasits (D:9)
  2 centaur zombies
  9 hounds
  4 jellies
  Crazy Yiuf (D:4)
  A bullfrog skeleton (D:10)
  7 centaur skeletons
  19 orc priests
  2 iguanas
  Ijyb (D:4)
  Terence (D:2)
  28 orc wizards
  12 worker ants
  Natasha (thrice) (D:2)
  5 troll simulacra (IceCv)
  7 hell rats (Lair:3)
  A statue (D:8)
  A wolf simulacrum (IceCv)
  2 centaur simulacra
  A hound zombie (D:7)
  A howler monkey zombie (D:8)
  2 worker ant zombies
  Robin (D:2)
  12 gnolls
  10 adders
  5 naga simulacra (IceCv)
  7 ogre simulacra (IceCv)
  2 river rats (D:6)
  2 shadow imps
  12 white imps (IceCv)
  2 oozes
  2 adder zombies (D:9)
  2 adder skeletons
  6 worms
  3 dart slugs
  10 leopard geckos
  84 orcs
  10 bats
  9 giant cockroaches
  14 goblins
  12 hobgoblins
  8 jackals
  26 kobolds
  8 quokkas
  7 ball pythons
  6 frilled lizards
  A giant cockroach zombie (D:5)
  2 leopard gecko skeletons
  A leopard gecko zombie (D:4)
  12 rats
  3 plants (Lair:6)
1031 creatures vanquished.

Vanquished Creatures (others)
  A swamp drake (Swamp:2)
  4 slaves (D:8)
  A necrophage (D:8)
  An iron imp (D:8)
  4 fungi
  11 plants
22 creatures vanquished.

Grand Total: 1053 creatures vanquished

Notes
Turn   | Place    | Note
-------+----------+-------------------------------------------
     0 | D:1      | Infinimo the Minotaur Berserker began the quest for the
                  | Orb.
     0 | D:1      | Reached XP level 1. HP: 19/19 MP: 0/0
   107 | D:1      | Reached skill level 4 in Long Blades
   119 | D:1      | Reached XP level 2. HP: 27/27 MP: 1/1
   563 | D:1      | Reached XP level 3. HP: 28/33 MP: 2/2
   568 | D:1      | Reached ** piety under Trog
   760 | D:2      | Noticed Robin
   776 | D:2      | Killed Robin
   853 | D:2      | Reached XP level 4. HP: 34/40 MP: 3/3
   914 | D:2      | Reached skill level 5 in Long Blades
  1119 | D:2      | Reached *** piety under Trog
  1198 | D:2      | Noticed Terence
  1207 | D:2      | Killed Terence
  1323 | D:2      | Noticed Natasha
  1327 | D:2      | Killed Natasha
  1327 | D:2      | Reached XP level 5. HP: 47/47 MP: 4/4
  1451 | D:2      | Noticed Natasha
  1458 | D:2      | Killed Natasha
  1462 | D:2      | Noticed Natasha
  1466 | D:2      | Killed Natasha
  1466 | D:2      | Reached skill level 6 in Long Blades
  1595 | D:3      | Reached skill level 5 in Fighting
  1999 | D:3      | Reached XP level 6. HP: 56/56 MP: 5/5
  2046 | D:3      | Found a burning altar of Makhleb.
  2231 | D:3      | Found a glowing silver altar of Zin.
  2231 | D:3      | Found a glowing golden altar of the Shining One.
  2232 | D:3      | Found a white marble altar of Elyvilon.
  2367 | D:4      | Noticed a +0 dagger
  2367 | D:4      | Noticed a +0 hand axe
  2369 | D:4      | Found a hide-covered altar of Uskayaw.
  2475 | D:4      | Reached **** piety under Trog
  2483 | D:4      | Reached skill level 7 in Long Blades
  2590 | D:4      | Found a staircase to the Ecumenical Temple.
  2625 | D:4      | Found a runed translucent door.
  2626 | D:4      | Noticed Crazy Yiuf
  2970 | D:4      | Reached skill level 5 in Armour
  2970 | D:4      | Reached XP level 7. HP: 61/61 MP: 6/6
  3040 | D:4      | Noticed Ijyb
  3066 | D:4      | Killed Ijyb
  3295 | D:4      | Reached skill level 8 in Long Blades
  3496 | D:4      | Noticed Sigmund
  3503 | D:4      | Killed Sigmund
  3599 | D:4      | Killed Crazy Yiuf
  3731 | D:5      | Entered Level 5 of the Dungeon
  3738 | D:4      | Reached XP level 8. HP: 71/71 MP: 7/7
  3784 | D:5      | Reached skill level 9 in Long Blades
  4115 | D:5      | Found an ornate altar of the Wu Jian Council.
  4555 | D:6      | Reached skill level 10 in Long Blades
  4929 | D:6      | Found a glowing drain.
  4936 | Sewer    | Entered a sewer
  4987 | Sewer    | Reached ***** piety under Trog
  5142 | Sewer    | Reached XP level 9. HP: 81/81 MP: 8/8
  5482 | D:7      | Reached skill level 11 in Long Blades
  5916 | D:7      | Noticed Naru's ghost (novice HOMo)
  5916 | D:7      | Noticed an ogre mage
  5918 | D:7      | Found a runed translucent door.
  6070 | D:7      | Noticed Prince Ribbit
  6080 | D:7      | Killed Prince Ribbit
  6127 | D:7      | Found a deep blue altar of Sif Muna.
  6127 | D:7      | Found a shattered altar of Ashenzari.
  6365 | D:7      | Killed Naru's ghost
  6365 | D:7      | Reached skill level 12 in Long Blades
  6371 | D:7      | Killed an ogre mage
  6371 | D:7      | Reached XP level 10. HP: 91/91 MP: 9/9
  6642 | D:8      | Noticed a two-headed ogre
  6662 | D:8      | Noticed a two-headed ogre
  6669 | D:8      | Killed a two-headed ogre
  6699 | D:8      | Noticed Pikel
  6724 | D:8      | Killed Pikel
  6724 | D:8      | Reached skill level 13 in Long Blades
  6813 | D:8      | Reached skill level 10 in Fighting
  6939 | D:8      | Killed a two-headed ogre
  7018 | D:8      | Reached skill level 10 in Armour
  7158 | D:8      | Found a radiant altar of Vehumet.
  7208 | D:8      | Reached skill level 14 in Long Blades
  7415 | D:8      | Found a staircase to the Lair.
  7611 | D:8      | Found a snail-covered altar of Cheibriados.
  7656 | D:8      | Received a gift from Trog
  7667 | D:8      | Found a bloodstained altar of Trog.
  7749 | D:8      | Reached XP level 11. HP: 101/101 MP: 10/10
  8143 | D:9      | Noticed Erica
  8163 | D:9      | Killed Erica
  8776 | D:9      | Noticed a catoblepas
  8793 | D:9      | Killed a catoblepas
  8795 | D:9      | Identified the +5 demon whip of the Blue Skies {drain,
                  | rElec Int+3}
  8795 | D:9      | Noticed a centaur warrior
  8798 | D:9      | Killed a centaur warrior
  8798 | D:9      | Reached skill level 15 in Long Blades
  9079 | D:9      | Got a sparkling bronze ring
  9094 | D:9      | Identified the ring "Xaived" {*Contam rElec Dex+2 SInv
                  | Stlth+} (You found it on level 9 of the Dungeon)
  9549 | D:9      | Received a gift from Trog
 10186 | D:10     | Entered Level 10 of the Dungeon
 10296 | D:10     | Noticed Fannar
 10303 | D:10     | Killed Fannar
 10373 | D:10     | Found a staircase to the Orcish Mines.
 10628 | D:10     | Noticed an unseen horror
 10640 | D:10     | Killed an unseen horror
 11110 | D:10     | Noticed a two-headed ogre
 11115 | D:10     | Killed a two-headed ogre
 11115 | D:10     | Reached skill level 16 in Long Blades
 11115 | D:10     | Reached XP level 12. HP: 112/112 MP: 11/11
 11250 | D:10     | Found Xylatax's Antique Weapon Shop.
 11456 | D:11     | Noticed a two-headed ogre
 11467 | D:11     | Killed a two-headed ogre
 11912 | D:11     | Found Enoefaume's General Store.
 12314 | D:11     | Found Cheibriados's Comfort Zone.
 12314 | D:11     | Found a snail-covered altar of Cheibriados.
 12646 | D:12     | Noticed Josephine
 12654 | D:12     | Killed Josephine
 12679 | D:12     | Found Dolu Fooriu's Jewellery Shoppe.
 12723 | D:12     | Found a frozen archway.
 12799 | D:12     | Received a gift from Trog
 12821 | IceCv    | Entered an ice cave
 13096 | IceCv    | Reached skill level 17 in Long Blades
 13132 | IceCv    | Received a gift from Trog
 13560 | IceCv    | Found an ancient bone altar of Kikubaaqudgha.
 14820 | D:12     | Reached XP level 13. HP: 122/122 MP: 12/12
 15278 | D:12     | Found a snail-covered altar of Cheibriados.
 15623 | Lair:1   | Entered Level 1 of the Lair of Beasts
 15708 | Lair:1   | Got an ancient cloak
 15719 | Lair:1   | Identified the +0 cloak "Itomei" {rElec rF+ Dex+2} (You
                  | found it on level 1 of the Lair of Beasts)
 16303 | Lair:1   | Reached skill level 18 in Long Blades
 16460 | Lair:2   | Received a gift from Trog
 16481 | Lair:2   | Noticed Sonja
 16488 | Lair:2   | Killed Sonja
 17764 | Lair:3   | Found a staircase to the Swamp.
 17816 | Lair:3   | Found a hole to the Spider Nest.
 17902 | Lair:3   | Noticed Urug
 17907 | Lair:3   | Killed Urug
 18228 | Lair:3   | Reached skill level 19 in Long Blades
 18371 | Lair:3   | Noticed Rupert
 18378 | Lair:3   | Killed Rupert
 19908 | Lair:5   | Reached XP level 14. HP: 109/133 MP: 13/13
 21076 | Lair:6   | Entered Level 6 of the Lair of Beasts
 21616 | Lair:6   | Reached skill level 15 in Fighting
 21719 | Lair:6   | Received a gift from Trog
 21749 | Lair:6   | Reached ****** piety under Trog
 21749 | Lair:6   | Reached skill level 20 in Long Blades
 22276 | Lair:6   | Reached skill level 15 in Armour
 23120 | Lair:6   | Found a staircase to the Slime Pits.
 23121 | Lair:6   | Found a viscous altar of Jiyva.
 23834 | Orc:1    | Entered Level 1 of the Orcish Mines
 23842 | Orc:1    | Reached XP level 15. HP: 140/144 MP: 14/14
 23934 | Orc:1    | Found a runed translucent door.
 23940 | Orc:1    | Noticed Finguili's ghost (journeyman TeEn)
 24177 | Orc:1    | Killed Finguili's ghost
 24229 | Orc:2    | Entered Level 2 of the Orcish Mines
 24254 | Orc:2    | Noticed an orc warlord
 24323 | Orc:2    | Killed an orc warlord
 24323 | Orc:2    | Reached skill level 21 in Long Blades
 24325 | Orc:2    | Received a gift from Trog
 24926 | Orc:2    | Noticed an orc warlord
 24940 | Orc:2    | Killed an orc warlord
 25252 | Orc:2    | Found a roughly hewn altar of Beogh.
 25375 | Orc:2    | Received a gift from Trog
 25446 | Orc:2    | Found a staircase to the Elven Halls.
 25557 | Orc:2    | Found Kuimufub's Antique Armour Boutique.
 25558 | Orc:2    | Found Vaonuut's Antique Weapon Shop.
 25559 | Orc:2    | Found Xeaj's General Store.
 25559 | Orc:2    | Found Miett's Book Boutique.
 25563 | Orc:2    | Bought a potion of heal wounds for 75 gold pieces
 25573 | Orc:2    | Bought a pair of embroidered gloves for 240 gold pieces
 25573 | Orc:2    | Bought a brightly glowing chain mail for 304 gold pieces
 25682 | Orc:2    | Identified the +4 chain mail of the Orb {rPois} (You bought
                  | it in a shop on level 2 of the Orcish Mines)
 26957 | D:14     | Found a sacrificial altar of Ru.
 27031 | D:14     | Found a gate to the Vaults.
 27080 | D:14     | Received a gift from Trog
 27581 | D:14     | Reached skill level 22 in Long Blades
 27790 | D:14     | Found a runed translucent door.
 27790 | D:14     | Noticed Cykl0x's ghost (journeyman FoFi)
 27892 | D:14     | Reached skill level 1 in Shields
 28556 | D:14     | Killed Cykl0x's ghost
 28716 | D:15     | Entered Level 15 of the Dungeon
 28744 | D:15     | Reached XP level 16. HP: 146/157 MP: 15/15
 28766 | D:15     | Found a staircase to the Depths.
 29827 | D:15     | Reached skill level 5 in Shields
 30414 | Swamp:1  | Entered Level 1 of the Swamp
 30624 | Swamp:1  | Received a gift from Trog
 30922 | Swamp:1  | Received a gift from Trog
 31179 | Swamp:1  | Noticed a tentacled monstrosity
 31197 | Swamp:1  | Killed a tentacled monstrosity
 31545 | Swamp:2  | Found a transporter.
 31557 | Swamp:2  | Noticed a thorn hunter
 31582 | Swamp:2  | Found a transporter.
 32491 | Swamp:2  | Killed a thorn hunter
 33337 | Swamp:3  | Received a gift from Trog
 33710 | Swamp:4  | Entered Level 4 of the Swamp
 33714 | Swamp:4  | Noticed a thorn hunter
 33725 | Swamp:4  | Killed a thorn hunter
 33725 | Swamp:4  | Reached skill level 23 in Long Blades
 33829 | Swamp:4  | HP: 2/160 [four-headed hydra (9)]
 33829 | Swamp:4  | Slain by a four-headed hydra

Skill      XL: |  1  2  3  4  5  6  7  8  9 10 11 12 13 14 15 16 |
---------------+-------------------------------------------------+-----
Long Blades    | 4 5 6 7 8 10 12 14 16 17 19 20 22 23 | 23.0
Fighting       | 4 5 6 7 9 10 12 13 14 16 18 19 | 19.2
Armour         | 3 4 5 6 7 9 10 11 13 14 15 16 17 | 17.3
Shields        | 3 8 |  8.8
Dodging        | |  2.1

Action                   |  1- 3 |  4- 6 |  7- 9 | 10-12 | 13-15 | 16-18 || total
-------------------------+-------+-------+-------+-------+-------+-------++-------
Melee: Falchion          |    76 |   165 |   322 |   306 |       |       ||   869
       Headbutt          |    13 |    28 |    68 |   174 |   273 |   106 ||   662
       Scimitar          |       |       |       |   426 |   188 |    25 ||   639
       Double sword      |       |       |       |       |   779 |   333 ||  1112
Invok: Berserk           |     1 |     7 |    12 |    23 |    21 |     5 ||    69
Evoke: Wand              |       |       |       |       |     1 |       ||     1
  Use: Scroll            |     2 |       |       |    20 |    13 |     6 ||    41
       Potion            |       |       |       |       |       |     3 ||     3
 Stab: Distracted        |       |       |       |       |     3 |       ||     3
       Confused          |       |       |       |       |       |     3 ||     3
  Eat: Chunk             |     1 |    11 |    23 |    44 |    50 |    13 ||   142
       Ration            |       |       |       |     2 |     4 |     2 ||     8
Armor: Animal skin       |     9 |       |       |       |       |       ||     9
       Plate armour      |    14 |   109 |   174 |   363 |   481 |       ||  1141
       Chain mail        |       |       |       |       |    93 |   262 ||   355
Dodge: Dodged            |    35 |    53 |   103 |   213 |   327 |   123 ||   854
Block: Shield            |       |       |       |       |    13 |   273 ||   286
       Rpst.: Falchion   |    11 |    13 |    28 |    24 |       |       ||    76
       Scimitar          |       |       |       |    26 |    15 |       ||    41
       Double sword      |       |       |       |       |    55 |    29 ||    84
